 Dungeon Crawl Stone Soup version 0.23.2-1-ga50397a6bc (webtiles) character file.

Game seed: 15043122889240749380

53 MachJacob the Digger (level 3, -1/19 HPs)
             Began as a Gargoyle Earth Elementalist on Apr 17, 2019.
             Slain by an orc wizard
             ... wielding a +0 dagger
              (4 damage)
             ... on level 2 of the Dungeon.
             The game lasted 00:08:35 (1851 turns).

MachJacob the Digger (Gargoyle Earth Elementalist)  Turns: 1851, Time: 00:08:36

Health: -1/19      AC:  5    Str: 11    XL:     3   Next: 87%
Magic:  4/6        EV: 12    Int: 16    God:
Gold:   66         SH:  0    Dex: 10    Spells: 6/7 levels left

rFire    . . .     SeeInvis .   q - +0 club
rCold    . . .     Gourm    .   (no shield)
rNeg     + . .     Faith    .   i - +0 robe
rPois    ∞         Spirit   .   (no helmet)
rElec    +         Reflect  .   (no cloak)
rCorr    .         Harm     .   (no gloves)
MR       .....                  (no boots)
Stlth    ++........             (no amulet)
HPRegen  0.06/turn              (no ring)
MPRegen  0.10/turn              (no ring)

@: no status effects
A: negative energy resistance 1, electricity resistance, unbreathing,
petrification resistance, rot immunity, AC +3
a: no special abilities


You were on level 2 of the Dungeon.
You were not hungry.

You visited 1 branch of the dungeon, and saw 3 of its levels.

You collected 66 gold pieces.

Inventory:

Hand Weapons
 q - a +0 club (weapon)
Missiles
 b - 107 stones (quivered)
Armour
 i - a +0 robe (worn)
 j - a +0 robe
Jewellery
 r - an uncursed amulet of faith {unknown}
Scrolls
 a - a scroll of identify {unknown}
 f - 2 scrolls of teleportation {unknown}
 h - a scroll of random uselessness {unknown}
 l - a scroll of magic mapping {unknown}
 o - a scroll of blinking {unknown}
Potions
 c - 2 potions of mutation {unknown}
 g - a potion of lignification {unknown}
 k - a potion of resistance {unknown}
 m - a potion of curing {unknown}
 n - a potion of might {unknown}
Comestibles
 d - 5 rations


   Skills:
 + Level 2.1 Dodging
 + Level 2.9 Stealth
 + Level 2.5 Spellcasting
   Level 0.7 Transmutations
 * Level 4.3 Earth Magic


You had 6 spell levels left.
You knew the following spells:

 Your Spells              Type           Power        Failure   Level  Hunger
a - Sandblast             Erth           ###...       3%          1    #......

Your spell library contained the following spells:

 Spells                   Type           Power        Failure   Level  Hunger
 Passwall                 Tmut/Erth      ##......     11%         2    ##.....
 Stone Arrow              Conj/Erth      #.....       24%         3    ###....
 Petrify                  Tmut/Erth      ##......     56%         4    #####..
 Lee's Rapid Deconstruct  Erth           ###.......   67%         5    ######.


Dungeon Overview and Level Annotations

Branches:
Dungeon (3/15)

Altars:


Innate Abilities, Weirdness & Mutations

You are resistant to torment.
Your stone body is resilient. (AC +3)
You are immune to poison.
You resist negative energy. (rN+)
You are resistant to electric shocks. (rElec)
You can survive without breathing.
You are immune to petrification.
You are immune to rotting.


Message History

The blast of sand misses the orc.
b - 107 stones Something hits you.
* * * LOW HITPOINT WARNING * * *
The orc misses you. Something hits you but does no damage.
Something hits you but does no damage. Something hits you but does no damage.
Something barely misses you.
There is a stone staircase leading up here.
You hear some strange, mumbled words.
A magic dart appears from out of thin air!
The magic dart hits you but does no damage.
You climb upwards.
Reactivating autopickup.
There is a stone staircase leading down here.
Something hits you but does no damage.
Deactivating autopickup; reactivate with Ctrl-A.
You start resting.
Something hits you.
You die...

## .# #######################
.######## #........#.............
........###......>...############
.######.........@..###
.....######..........# ########
####..## #.........## ##.....##
##..## ########).# ##........
####..# ###......## #......... #
#...#.###...###### #......... #
#...#.....### #.........
###...###..## #.........
.#...####.## #..(......


There were no monsters in sight!

Vanquished Creatures
  An adder (D:2)
  3 dart slugs
  2 leopard geckos
  An orc (D:3)
  A giant cockroach (D:1)
  5 goblins
  2 hobgoblins
  A quokka (D:2)
  4 bats
  4 frilled lizards
  10 kobolds
  3 rats (D:1)
37 creatures vanquished.

Notes
Turn   | Place    | Note
-------+----------+-------------------------------------------
     0 | D:1      | MachJacob the Gargoyle Earth Elementalist began the quest
                  | for the Orb.
     0 | D:1      | Reached XP level 1. HP: 10/10 MP: 3/3
   104 | D:1      | Reached XP level 2. HP: 9/15 MP: 0/5
   967 | D:1      | Reached skill level 4 in Earth Magic
  1079 | D:2      | Reached XP level 3. HP: 17/19 MP: 3/6
  1851 | D:2      | Slain by an orc wizard

Skill      XL: |  1  2  3 |
---------------+----------+-----
Earth Magic    | 4 |  4.3
Dodging        | 2 |  2.1
Stealth        | |  2.9
Spellcasting   | |  2.5
Transmutations | |  0.7

Action                   || total
-------------------------++-------
Melee: Unarmed           ||    40
       Club              ||    30
 Cast: Sandblast         ||    40
  Use: Scroll            ||     2
 Stab: Sleeping          ||     3
  Eat: Chunk             ||     3
Armor: Robe              ||    26
Dodge: Dodged            ||    50
